 Dungeon Sprint DCSS version 0.18.1-8-gdd0e5ea (webtiles) character file.

281 Matsuo the Fighter (level 6, -2/63 HPs)
             Began as a Hill Orc Fighter on June 2, 2016.
             Slain by a slime creature (15 damage)
             ... in the Dungeon (Sprint I: "Red Sonja").
             The game lasted 00:01:19 (930 turns).

Matsuo the Fighter (Hill Orc Fighter)                Turns: 930, Time: 00:01:20

Health: -2/63      AC:  8    Str: 19    XL:     6   Next: 27%
Magic:  6/6        EV:  8    Int:  8    God:
Gold:   117        SH: 11    Dex: 12    Spells: 0 memorised, 5 levels left

rFire  . . .     SeeInvis .     a - +0 war axe
rCold  . . .     Gourm    .     b - +0 scale mail
rNeg   . . .     Faith    .     c - +0 shield
rPois  .         Spirit   .     (no helmet)
rElec  .         Dismiss  .     (no cloak)
rCorr  .         Reflect  .     (no gloves)
SustAt .         Harm     .     (no boots)
MR     .....     NoTele   +     (no amulet)
Stlth  ..........               (no ring)
                                (no ring)

@: not resistant to hostile enchantments, extremely unstealthy
A: no striking features
a: no special abilities


You were in the Dungeon.
You were not hungry.

You visited 1 branch You collected 117 gold pieces.

Inventory:

Hand Weapons
 a - a +0 war axe (weapon)
Armour
 b - a +0 scale mail (worn)
 c - a +0 shield (worn)
Scrolls
 k - a scroll of blinking
Potions
 d - a potion of might
 e - a potion of curing
 g - a potion of heal wounds
 h - a potion of haste
 i - 2 potions of magic
 j - a potion of berserk rage
Comestibles
 f - a bread ration


   Skills:
 + Level 9.2 Fighting
 + Level 5.9 Axes
 + Level 7.8 Armour
 + Level 0.4 Dodging
 + Level 8.5 Shields


You had 5 spell levels left.
You didn't know any spells.

Dungeon Overview and Level Annotations

Branches:
Dungeon (1/1)

Altars:
Cheibriados
Dithmenos
Fedhas
Sif Muna
Vehumet
Jiyva


Message History

You hit the slime creature.
The slime creature is moderately wounded.
You block the slime creature's attack. The slime creature barely misses you.
You slash the slime creature!
The slime creature is heavily wounded.
The slime creature hits you!
* * * LOW HITPOINT WARNING * * *
You are too injured to fight recklessly!
You are too injured to fight recklessly!
You feel better. You block the slime creature's attack.
You are too injured to fight recklessly!
You are too injured to fight recklessly!
You are too injured to fight recklessly!
You hit the slime creature.
The slime creature is heavily wounded.
The slime creature barely misses you.
You slash the slime creature!
The slime creature is severely wounded.
The slime creature hits you!
You die...

###################
#<.#..').#..'..#__#
#..'..#..').#..@J.+
#..#####+#####'#__#
#..# #.#### #..#
##.#§§§§c #..#
#+#..§§§§.§ #⌠⌠#
+...§#§≈§§c# ####
#_.#+##+# ##+#


You could see a slime creature.

Vanquished Creatures
  Sigmund (D)
  An ogre (D)
  A jelly (D)
  Ijyb (D)
4 creatures vanquished.

Vanquished Creatures (others)
  A gargoyle (D)
1 creature vanquished.

Grand Total: 5 creatures vanquished

Notes
Turn   | Place    | Note
--------------------------------------------------------------
     0 | D        | Matsuo the Hill Orc Fighter began the quest for the Orb.
     0 | D        | Reached XP level 1. HP: 19/19 MP: 1/1
     1 | D        | Noticed Ijyb
    11 | D        | Killed Ijyb
    11 | D        | Reached skill level 5 in Fighting
    11 | D        | Reached XP level 2. HP: 28/29 MP: 2/2
    11 | D        | Reached XP level 3. HP: 35/36 MP: 3/3
    14 | D        | Noticed an ogre
    19 | D        | Killed an ogre
    19 | D        | Reached skill level 7 in Fighting
    19 | D        | Reached XP level 4. HP: 9/47 MP: 4/4
   473 | D        | Noticed Sigmund
   487 | D        | Killed Sigmund
   487 | D        | Reached skill level 8 in Fighting
   487 | D        | Reached skill level 5 in Axes
   487 | D        | Reached XP level 5. HP: 24/56 MP: 5/5
   487 | D        | Reached XP level 6. HP: 27/62 MP: 6/6
   813 | D        | Killed a gargoyle
   871 | D        | Found a deep blue altar of Sif Muna.
   873 | D        | Found a radiant altar of Vehumet.
   877 | D        | Reached skill level 9 in Fighting
   915 | D        | Noticed a centaur warrior
   915 | D        | Noticed a centaur warrior
   919 | D        | Found a snail-covered altar of Cheibriados.
   919 | D        | Found a viscous altar of Jiyva.
   919 | D        | Found a shadowy altar of Dithmenos.
   919 | D        | Found a blossoming altar of Fedhas.
   919 | D        | Noticed a slime creature
   930 | D        | Slain by a slime creature

Skill      XL: |  1  2  3  4  5  6 |
---------------+-------------------+-----
Fighting       | 5 7 8 9 |  9.2
Axes           | 3 4 5 |  5.9
Armour         | 4 6 7 |  7.8
Shields        | 4 6 8 |  8.5
Dodging        | |  0.4

Action                   |  1- 3 |  4- 6 || total
-------------------------+-------+-------++-------
Melee: War axe           |    13 |    25 ||    38
  Use: Potion            |       |     1 ||     1
Armor: Scale mail        |     5 |     2 ||     7
Dodge: Dodged            |     3 |     7 ||    10
Block: Shield            |     5 |    10 ||    15
